Map: Oxide LE

Players

Clem

  • Race: Terran Terran

Serral - Winner!

  • Race: Zerg Zerg

Event: DreamHack SC2 Masters 2021 Winter

VOD

Have the link to the VOD?

Description

Time

  • Played on: Oct. 17, 2021, 1:55 p.m.
  • Length: 9:01

All games in this series

Show
View Real Time Build Order
Export as new Build Order

Clem Terran 

Build Orders: Reaper Expand, Hellion Banshee 

Get SALT Encoding   

  12  0:00  SCV  
  13  0:12  SCV  
  14  0:17  Supply Depot  
  14  0:24  SCV  
  15  0:38  SCV  
  15  0:40  Barracks  
  16  0:42  Refinery  
  16  0:50  SCV  
  17  1:02  SCV  
  18  1:15  SCV  
  19  1:27  Reaper, Orbital Command  
  20  1:39  Command Center  
  20  1:47  Supply Depot  
  20  1:52  SCV  
  21  1:59  Marine  
  22  2:05  SCV  
  23  2:10  Factory  
  23  2:17  SCV  
  23  2:20  Barracks Reactor  
  24  2:29  SCV  
  25  2:39  Command Center  
  25  2:42  SCV  
  26  2:50  Orbital Command  
  26  2:54  SCV  
  27  2:59  Starport  
  27  3:06  SCV  
  27  3:10  Refinery  
  27  3:11  Hellion  
  30  3:14  Hellion  
  30  3:16  SCV  
  30  3:19  SCV  
  34  3:23  Barracks Tech Lab  
  34  3:28  SCV  
  34  3:31  SCV  
  34  3:32  Hellion  
  38  3:35  Hellion  
  40  3:42  SCV  
  40  3:43  SCV  
  40  3:46  Banshee  
  45  3:51  Orbital Command  
  45  3:54  SCV  
  46  3:55  SCV  
  46  3:57  Cloaking Field  
  46  4:00  Hellion x2  
  51  4:05  Supply Depot  
  51  4:07  SCV  
  52  4:10  SCV  
  53  4:17  SCV  
  53  4:19  SCV  
  53  4:22  SCV  
  56  4:24  Hellion, Armory  
  56  4:26  Hellion  
  56  4:29  Supply Depot, SCV  
  56  4:30  Barracks Tech Lab  
  61  4:34  SCV  
  61  4:36  SCV  
  63  4:40  Banshee  
  63  4:42  SCV  
  67  4:48  Hellion  
  67  4:49  Barracks  
  67  4:51  Hellion, Barracks  
  67  4:52  Supply Depot  
  71  4:55  SCV x2  
  71  4:57  Marine  
  71  4:59  SCV  
  75  5:00  Refinery  
  75  5:06  Refinery  
  75  5:08  SCV  
  75  5:10  SCV  
  79  5:15  Supply Depot, Marine  
  79  5:21  SCV  
  73  5:29  Bunker  
  73  5:32  Supply Depot  
  73  5:33  Marine  
  74  5:36  Siege Tank, Marine, Barracks x2  
  74  5:39  Marine  
  79  5:48  SCV x2  
  79  5:49  SCV  
  80  5:52  Marine  
  80  5:57  Marine  
  75  6:00  SCV  
  75  6:03  SCV  
  77  6:10  Marine  
  76  6:13  SCV  
  77  6:29  Marine  
  75  6:34  SCV  
  71  6:43  Bunker  
  71  6:44  Marine  
  71  6:45  Marine  
  71  6:46  SCV  
  74  6:47  Marine  
  75  6:57  Orbital Command  
  75  6:58  Supply Depot, SCV  
  76  7:02  Marine  
  76  7:05  Factory Tech Lab, Marine  
  76  7:06  Liberator  
  76  7:07  Supply Depot  
  82  7:12  SCV  
  82  7:15  Barracks Tech Lab  
  82  7:18  Marine  
  82  7:20  Marine  
  82  7:22  SCV  
  84  7:28  SCV, Marine  
  85  7:34  Siege Tank  
  85  7:36  Marine  
  85  7:38  Orbital Command  
  85  7:41  Marine  
  85  7:45  Marine  
  85  7:49  Marine  
  85  8:03  SCV  
  85  8:04  Hellion x8  
  85  8:07  SCV x2, Marine x2  
  87  8:13  Marine  
  87  8:15  SCV, Marine  
  87  8:20  SCV  
  87  8:21  SCV  
  87  8:24  Marine  
  87  8:25  Supply Depot  
  87  8:26  Marine  
  90  8:31  SCV  
  90  8:33  SCV, Marine x2  
  93  8:44  Supply Depot  
  93  8:45  SCV  
Show
View Real Time Build Order
Export as new Build Order

Serral Zerg - Winner!

Build Orders: Hatch First 

Get SALT Encoding   

  12  0:00  Drone  
  13  0:12  Overlord  
  13  0:17  Drone  
  14  0:31  Drone x2  
  16  0:48  Hatchery  
  15  0:51  Drone  
  15  0:55  Drone  
  17  0:58  Drone  
  18  1:08  Extractor  
  17  1:13  Spawning Pool  
  17  1:16  Drone  
  17  1:19  Drone  
  18  1:27  Drone  
  19  1:38  Drone  
  20  1:49  Drone  
  21  1:59  Queen  
  21  2:00  Queen  
  27  2:01  Zergling x4  
  27  2:10  Overlord  
  27  2:12  Drone  
  28  2:21  Hatchery  
  27  2:25  Drone  
  27  2:29  Drone  
  29  2:35  Drone x2  
  31  2:39  Metabolic Boost  
  31  2:46  Queen  
  33  2:51  Overlord  
  33  2:55  Drone  
  33  2:56  Drone  
  35  2:59  Drone  
  35  3:04  Overlord  
  36  3:12  Drone x4  
  40  3:18  Queen  
  42  3:24  Lair  
  42  3:30  Drone x3  
  45  3:35  Queen  
  45  3:41  Drone x2  
  49  3:43  Zergling x4  
  49  3:47  Overlord  
  51  3:52  Drone x2  
  51  3:54  Queen  
  55  3:59  Overlord  
  55  4:00  Zergling x2  
  55  4:02  Zergling x2  
  57  4:03  Drone  
  57  4:06  Drone x2  
  57  4:07  Drone  
  57  4:09  Drone  
  62  4:13  Queen  
  64  4:20  Overlord  
  64  4:24  Queen, Nydus Network  
  64  4:31  Drone x2  
  66  4:33  Queen  
  66  4:34  Spore Crawler  
  66  4:38  Overseer, Overlord  
  68  4:43  Zergling x6  
  71  4:46  Overlord  
  71  4:48  Queen  
  73  4:55  Zergling x2  
  74  5:00  Queen  
  74  5:03  Nydus Canal, Overlord  
  74  5:05  Zergling x10  
  82  5:07  Overseer, Zergling x2  
  82  5:09  Zergling x4  
  82  5:12  Queen  
  81  5:22  Zergling x2  
  81  5:23  Zergling x8  
  81  5:26  Zergling x4  
  87  5:31  Zergling x4  
  87  5:33  Zergling x4  
  90  5:40  Overseer  
  90  5:41  Zergling x8  
  92  5:43  Zergling x2  
  92  5:44  Queen  
  92  5:48  Zergling x2  
  95  5:51  Zergling x2  
  95  5:52  Queen  
  95  5:54  Zergling x4  
  95  5:59  Zergling x4  
  93  6:10  Zergling x2  
  93  6:11  Zergling x2  
  91  6:13  Zergling x2  
  87  6:25  Queen  
  89  6:26  Zergling x6  
  89  6:29  Hatchery  
  90  6:34  Queen  
  90  6:40  Extractor  
  90  6:41  Drone x3, Spire, Spore Crawler, Extractor  
  90  6:42  Extractor  
  90  6:46  Drone x2  
  90  6:53  Drone  
  91  6:54  Overlord  
  91  6:59  Overlord  
  91  7:01  Baneling Nest  
  91  7:04  Queen  
  92  7:09  Nydus Canal  
  92  7:13  Overlord  
  92  7:14  Overlord  
  92  7:15  Drone x2  
  93  7:20  Drone x2  
  93  7:22  Drone  
  97  7:25  Drone  
  97  7:27  Nydus Canal  
  94  7:34  Drone x2  
  95  7:41  Drone x3  
  95  7:42  Drone  
  99  7:45  Overlord  
  99  7:46  Drone  
  90  7:52  Overlord  
  90  8:04  Mutalisk  
  90  8:05  Mutalisk x4  
  100  8:12  Extractor  
  99  8:13  Spore Crawler, Extractor  
  99  8:14  Drone  
  99  8:19  Mutalisk  
  96  8:20  Mutalisk  
  97  8:32  Mutalisk  
  96  8:39  Drone x7  

Tags
 
Add a new tag
Caveats
  • Supply blocks, unpowered buildings, or Contaminate may cause inaccurate times.
  • Supply counts are checked every 10 seconds.